 Dungeon Crawl Stone Soup version 0.19.5 (webtiles) character file.

37 equalderp2856 the Scratcher (level 3, 0/17 HPs)
             Began as a Felid Fighter on Mar 9, 2017.
             Slain by a goblin
             ... wielding a +0 dagger
             ... led by Robin
              (4 damage)
             ... on level 2 of the Dungeon.
             The game lasted 00:02:16 (1163 turns).

equalderp2856 the Scratcher (Felid Fighter)         Turns: 1163, Time: 00:02:16

Health: 0/17       AC:  1    Str: 13    XL:     3   Next: 23%
Magic:  4/4        EV: 19    Int:  9    God:
Gold:   16         SH:  0    Dex: 15    Spells: 0 memorised, 2 levels left
                                        Lives:  0   Deaths: 0

rFire  . . .     SeeInvis +       - Unarmed
rCold  . . .     Gourm    .     (armour unavailable)
rNeg   . . .     Faith    .     (shield unavailable)
rPois  .         Spirit   .     (helmet unavailable)
rElec  .         Reflect  .     (cloak unavailable)
rCorr  .         Harm     .     (gloves unavailable)
MR     .....                    (boots unavailable)
Stlth  ++........               (no amulet)
                                (no ring)
                                (no ring)

@: quick
A: no armour, no weapons or thrown items, stealth, claws 1, fangs 3, see
invisible, carnivore 3, speed 1, shaggy fur 1, slow metabolism 1, sharp paws
a: no special abilities


You were on level 2 of the Dungeon.
You were not hungry.

You visited 1 branch of the dungeon, and saw 2 of its levels.

You collected 16 gold pieces.

Inventory:

Missiles
 k - 33 arrows
Jewellery
 j - an uncursed amulet of magic regeneration {unknown}
Scrolls
 f - a scroll of magic mapping {unknown}
 g - 3 scrolls of remove curse {unknown}
 m - a scroll of identify {unknown}
Potions
 a - a potion of might
 e - a potion of agility {unknown}
 h - a potion of cancellation {unknown}
 i - a potion of flight {unknown}
 l - a potion of brilliance {unknown}
 n - a potion of haste {unknown}
Comestibles
 b - a meat ration
 c - 2 royal jellies
 d - a slice of pizza


   Skills:
 + Level 3.3 Fighting
 + Level 4.2 Dodging
 + Level 4.7 Unarmed Combat


You had 2 spell levels left.
You didn't know any spells.

Dungeon Overview and Level Annotations

Branches:
Dungeon (2/15)

Altars:
Okawaru

Annotations:
D:2 Robin


Innate Abilities, Weirdness & Mutations

You cannot wear armour.
You are incapable of wielding weapons or throwing items.
Your paws allow you to move quietly. (Stealth)
You have sharp claws.
You have razor-sharp teeth.
You have supernaturally acute eyesight. (SInv)
You are carnivorous and can eat meat at any time.
You cover ground quickly.
You are covered in fur. (AC +1)
You have a slow metabolism.
Your sharp claws are effective at attacking unaware monsters.


Message History

You kill the goblin!
The hobgoblin completely misses you.
Things that are here:
a club; a hobgoblin corpse You closely miss the hobgoblin.
Your bite misses the hobgoblin. Robin throws the goblin at you!
The goblin barely misses you. The hobgoblin closely misses you.
You scratch the hobgoblin. You claw the hobgoblin.
You kill the hobgoblin!
The goblin hits you.
You barely miss the goblin. The goblin closely misses you.
The goblin hits you with a dagger.
You scratch the goblin.
You kill the goblin!
Robin throws the goblin at you! The goblin hits you with a dagger.
The goblin closely misses you.
You closely miss the goblin. The goblin hits you with a dagger.
* * * LOW HITPOINT WARNING * * *
The goblin hits you with a dagger.
You die...

...####### ...# ...#
...## ..... ###### .
##### .... ....#
#######..... ....#
#.g@gg...... ....#
#.####g####. ....#
#.##.....# ....#
##.#.......# #####
######..#.......# #
###.†.)......._.....
+ ..#.#####.#.......
. ######.#.#
#.#.......
.......#.#
#.##.....#


You could see Robin, a hobgoblin and 2 goblins.

Vanquished Creatures
  A dart slug (D:1)
  A giant cockroach (D:1)
  10 goblins
  3 hobgoblins (D:2)
  2 ball pythons
  3 bats
  3 frilled lizards
  6 kobolds
  5 rats
34 creatures vanquished.

Notes
Turn   | Place    | Note
-------+----------+-------------------------------------------
     0 | D:1      | equalderp2856 the Felid Fighter began the quest for the Orb.
     0 | D:1      | Reached XP level 1. HP: 10/10 MP: 2/2
   521 | D:1      | Reached XP level 2. HP: 12/14 MP: 3/3
  1099 | D:2      | Found an iron altar of Okawaru.
  1110 | D:2      | Noticed Robin
  1132 | D:2      | Reached XP level 3. HP: 17/17 MP: 4/4
  1163 | D:2      | Slain by a goblin

Action                   || total
-------------------------++-------
Melee: Unarmed           ||    82
       Bite              ||     7
       Punch             ||     3
  Eat: Chunk             ||     3
Armor: Skin              ||     7
Dodge: Dodged            ||    77
